 Dungeon Crawl Stone Soup version 0.22-a0-443-g17c3723 (webtiles) character file.

34 KristoblXynda the Charmwright (level 3, -1/27 HPs)
             Began as a Demonspawn Skald on June 1, 2018.
             Slain by a kobold
             ... wielding a +0 mace
              (5 damage)
             ... on level 2 of the Dungeon.
             The game lasted 00:02:29 (1143 turns).

KristoblXynda the Charmwright (Demonspawn Skald)    Turns: 1143, Time: 00:02:30

Health: -1/27      AC:  4    Str: 12    XL:     3   Next: 14%
Magic:  6/6        EV: 12    Int: 14    God:
Gold:   89         SH:  0    Dex: 12    Spells: 5/6 levels left

rFire    . . .     SeeInvis .   a - +0 hand axe
rCold    . . .     Gourm    .   (no shield)
rNeg     . . .     Faith    .   b - +0 leather armour
rPois    .         Spirit   .   (no helmet)
rElec    .         Reflect  .   j - +0 cloak {MR+}
rCorr    .         Harm     .   (no gloves)
MR       +....                  (no boots)
Stlth    +.........             (no amulet)
HPRegen  0.09/turn              (no ring)
MPRegen  0.10/turn              (no ring)

@: no status effects
A: powered by death 1
a: no special abilities


You were on level 2 of the Dungeon.
You were not hungry.

You visited 1 branch of the dungeon, and saw 2 of its levels.

You collected 89 gold pieces.

Inventory:

Hand Weapons
 a - a +0 hand axe (weapon)
Armour
 b - a +0 leather armour (worn)
 j - a +0 cloak of magic resistance (worn)
Jewellery
 c - a +5 ring of dexterity {unknown}
 i - an uncursed ring of see invisible {unknown}
Scrolls
 e - a scroll of enchant armour {unknown}
 f - a scroll of immolation {unknown}
 g - 3 scrolls of teleportation
 k - a scroll of noise {unknown}
 m - a scroll of magic mapping {unknown}
Potions
 h - a potion of degeneration {unknown}
 l - a potion of might {unknown}
Comestibles
 d - 2 rations


   Skills:
 - Level 2.0 Fighting
 * Level 2.4 Axes
 + Level 1.5 Armour
 - Level 2.0 Dodging
 - Level 2.0 Spellcasting
 + Level 3.0 Charms


You had 5 spell levels left.
You knew the following spells:

 Your Spells              Type           Power        Failure   Level  Hunger
a - Infusion              Chrm           #...         9%          1    ##.....

Your spell library contained the following spells:

 Spells                   Type           Power        Failure   Level  Hunger
 Regeneration             Chrm/Necr      #.........   43%         3    ####...
 Shroud of Golubria       Chrm/Tloc      #.........   24%         2    ###....
 Song of Slaying          Chrm           #.......     13%         2    ###....
 Spectral Weapon          Hex/Chrm       #.......     43%         3    ####...


Dungeon Overview and Level Annotations

Branches:
Dungeon (2/15)

Altars:


Innate Abilities, Weirdness & Mutations

You regenerate a little health from kills.


Message History

You closely miss the kobold. The kobold closely misses you.
Unknown command.
Unknown command.
The kobold closely misses you.
You hit the kobold but do no damage. The kobold closely misses you.
Unknown command.
It was a potion of curing.
You feel better. The rat misses you. The kobold hits you but does no damage.
You closely miss the kobold. You hit the hobgoblin but do no damage.
You hit the rat. The hobgoblin barely misses you. The rat closely misses you.
The kobold completely misses you.
You hit the kobold but do no damage. You hit the hobgoblin but do no damage.
You barely miss the rat. The hobgoblin barely misses you. The rat bites you.
* * * LOW HITPOINT WARNING * * *
The kobold hits you but does no damage.
You closely miss the kobold. You hit the hobgoblin.
You hit the rat but do no damage. The hobgoblin hits you with a club.
* * * LOW HITPOINT WARNING * * *
The rat closely misses you. The kobold hits you with a mace.
You die...

#g.......... .. #.#
#..#......#.... #.#
.#######..#.###....##
#.#
............##....##
#.#
#######.###.#.....##
###.# #.##
#.......###...# #.#
#.........#.#.########
#.## #....r..#
#.#.........
##.###.#..K@.#
#.##########
#.†..###.g.## #.#
#...## #.### #.# #...#
#.# #.# ##g## #.#
#.#.# #.# #.# #.#.#
#.# #.# #.#.# #[# #.#
#.#(# #.# #.# #.#.#


You could see a hobgoblin, a kobold and a rat.

Vanquished Creatures
  An adder (D:2)
  A dart slug (D:2)
  2 leopard geckos (D:1)
  2 giant cockroaches (D:1)
  4 goblins
  4 hobgoblins (D:1)
  2 bats
  A frilled lizard (D:1)
  3 rats
20 creatures vanquished.

Notes
Turn   | Place    | Note
-------+----------+-------------------------------------------
     0 | D:1      | KristoblXynda the Demonspawn Skald began the quest for the Orb.
     0 | D:1      | Reached XP level 1. HP: 16/16 MP: 3/3
    41 | D:1      | Reached skill level 1 in Armour
   300 | D:1      | Gained mutation: You regenerate a little health from kills. [demonic ancestry]
   300 | D:1      | Reached XP level 2. HP: 18/22 MP: 5/5
   775 | D:2      | Reached skill level 3 in Charms
  1059 | D:2      | Reached XP level 3. HP: 5/27 MP: 6/6
  1143 | D:2      | Slain by a kobold

Vault maps used:
D:1:      dpeg_arrival_radiant

Skill      XL: |  1  2 |
---------------+-------+-----
Armour         | 1 |  1.5
Axes           | 2 |  2.4
Dodging        | 2 |  2.0
Charms         | 3 |  3.0
Fighting       | |  2.0
Spellcasting   | |  2.0

Action                   || total
-------------------------++-------
Melee: Hand axe          ||    80
  Use: Potion            ||     2
       Scroll            ||     1
  Eat: Chunk             ||     1
Armor: Leather armour    ||    21
       Skin              ||     2
Dodge: Dodged            ||    71

Table legend:
 A = Spawn XP
 B = Non-spawn XP
 C = Spawn XP percentage of total XP
 D = Spawn monster count
 E = Non-spawn monster count
 F = Spawn count percentage of total count
 G = Total turns spent on level
                    A         B        C        D         E        F      G
               +---------+---------+-------+---------+---------+-------+---------
         Total |       0 |      49 |   0.0 |       0 |      20 |   0.0 |  1143
               +---------+---------+-------+---------+---------+-------+---------
           D:1 |       0 |      27 |   0.0 |       0 |      14 |   0.0 |   716
           D:2 |       0 |      22 |   0.0 |       0 |       6 |   0.0 |   427
               +---------+---------+-------+---------+---------+-------+---------
